 Dungeon Crawl Stone Soup version 0.22-a0-757-gdba82d8 (webtiles) character file.

30 sking99 the Skirmisher (level 3, 29/29 HPs)
             Began as a Demonspawn Fighter on July 16, 2018.
             Quit the game on level 1 of the Dungeon.
             The game lasted 00:01:29 (983 turns).

sking99 the Skirmisher (Demonspawn Fighter)          Turns: 983, Time: 00:01:30

Health: 29/29      AC:  6    Str: 17    XL:     3   Next: 5%
Magic:  3/3        EV:  6    Int:  9    God:
Gold:   19         SH:  9    Dex: 12    Spells: 2/2 levels left

rFire    . . .     SeeInvis .   k - -1 whip (curse)
rCold    . . .     Gourm    .   c - +0 shield
rNeg     . . .     Faith    .   b - +0 scale mail
rPois    .         Spirit   .   (helmet restricted)
rElec    .         Reflect  .   (no cloak)
rCorr    .         Harm     .   (no gloves)
MR       .....                  (no boots)
Stlth    +.........             (no amulet)
HPRegen  0.09/turn              (no ring)
MPRegen  0.08/turn              (no ring)

@: no status effects
A: horns 1, nightstalker 1
a: no special abilities


You were on level 1 of the Dungeon.
You were not hungry.

You visited 1 branch of the dungeon, and saw 1 of its levels.

You collected 19 gold pieces.

Inventory:

Hand Weapons
 a - a +0 flail
 k - a cursed -1 whip (weapon)
Armour
 b - a +0 scale mail (worn)
 c - a +0 shield (worn)
Jewellery
 n - an uncursed ring of resist corrosion {unknown}
Scrolls
 e - 2 scrolls of magic mapping {unknown}
 h - a scroll of identify {unknown}
 i - a scroll of enchant weapon {unknown}
Potions
 d - a potion of might
 j - a potion of curing {unknown}
 l - a potion of lignification {unknown}
 m - a potion of berserk rage {unknown}
Comestibles
 f - 4 rations
 g - 2 chunks of flesh


   Skills:
 + Level 3.3 Fighting
 * Level 2.6 Maces & Flails
 - Level 2.6 Armour
 + Level 3.0 Shields


You had 2 spell levels left.
You didn't know any spells.
Your spell library was empty.

Dungeon Overview and Level Annotations

Branches:
Dungeon (1/15)

Altars:


Innate Abilities, Weirdness & Mutations

You have a pair of small horns on your head.
You are slightly more attuned to the shadows.


Message History

No target in view!
No target in view!
No target in view!
No target in view!
No target in view!
No target in view!
No target in view!
m - a green potion You see here a hunting sling.
You open the door.
There is an open door here.
Some of the chunks of flesh in your inventory have rotted away.
As you open the door, it creaks loudly!
There is an open door here.
n - a marble ring
Found a dagger.
Wield which item (- for none, * to show all)? (? for menu, Esc to quit)
It sticks to your hand!
k - a cursed -1 whip (weapon)
Are you sure you want to abandon this character and quit the game? (Confirm with "yes".)

#.##.# #.##.# ###.....
#### #...##.. #...
########...#### .....
..............รท
)....##+###........####
.......................
......@............###.
...........######'####.
...####'###.........##.
.. #.# .........##. #.#
.>.......### #.#
######'#####
#.#########.#....
#.##.........(... ..
#................


There were no monsters in sight!

Vanquished Creatures
  2 dart slugs (D:1)
  2 leopard geckos (D:1)
  2 bats (D:1)
  5 goblins (D:1)
  A hobgoblin (D:1)
  3 jackals (D:1)
  2 kobolds (D:1)
  A frilled lizard (D:1)
  4 rats (D:1)
22 creatures vanquished.

Notes
Turn   | Place    | Note
-------+----------+-------------------------------------------
     0 | D:1      | sking99 the Demonspawn Fighter began the quest for the Orb.
     0 | D:1      | Reached XP level 1. HP: 18/18 MP: 1/1
   343 | D:1      | Gained mutation: You are slightly more attuned to the shadows. [demonic ancestry]
   343 | D:1      | Reached XP level 2. HP: 24/24 MP: 2/2
   764 | D:1      | Gained mutation: You have a pair of small horns on your head. [demonic ancestry]
   764 | D:1      | Reached XP level 3. HP: 18/29 MP: 3/3
   983 | D:1      | Quit the game

Vault maps used:
D:1:      erik_arrival_cave_to_civilisation, minivault_5

Skill      XL: |  1  2 |
---------------+-------+-----
Maces & Flails | 2 |  2.6
Shields        | 3 |  3.0
Fighting       | |  3.3
Armour         | |  2.6

Action                   || total
-------------------------++-------
Melee: Flail             ||    74
Armor: Scale mail        ||    29
Dodge: Dodged            ||    21
Block: Shield            ||    36

Table legend:
 A = Spawn XP
 B = Non-spawn XP
 C = Spawn XP percentage of total XP
 D = Spawn monster count
 E = Non-spawn monster count
 F = Spawn count percentage of total count
 G = Total turns spent on level
                    A         B        C        D         E        F      G
               +---------+---------+-------+---------+---------+-------+---------
         Total |       0 |      44 |   0.0 |       0 |      22 |   0.0 |   983
               +---------+---------+-------+---------+---------+-------+---------
           D:1 |       0 |      44 |   0.0 |       0 |      22 |   0.0 |   983
               +---------+---------+-------+---------+---------+-------+---------
